 Dungeon Crawl Stone Soup version 0.31-a0-949-g57150269e1 (webtiles) character file.

Game seed: 4329609921390809057

3651 mattiecakes the Basher (level 9, -2/73 HPs)
             Began as a Minotaur Fighter on Oct 22, 2023.
             Was a Plaything of Xom.
             Slain by Erica
             ... wielding a +1 scimitar of flaming
              (13 damage)
             ... on level 8 of the Dungeon.
             The game lasted 00:37:15 (7808 turns).

mattiecakes the Basher (Minotaur Fighter)           Turns: 7808, Time: 00:37:19

Health: -2/73      AC:  8    Str: 22 (24) XL:     9   Next: 88%
Magic:  17/17      EV:  8    Int:  6 (9)  God:    Xom [.....*]
Gold:   320        SH:  4    Dex:  6 (9)  Spells: 8/8 levels left

rFire   . . .        j - +2 flail (drain)
rCold   . . .        c - +0 buckler
rNeg    . . .        w - +0 steam dragon scales
rPois   .            (helmet unavailable)
rElec   +            p - +0 cloak
rCorr   +            u - +0 pair of gloves
SInv    .            (no boots)
Will    .....        (no amulet)
Stlth   +            g - ring of magical power
HPRegen 0.32/turn    t - ring of resist corrosion
MPRegen 0.15/turn

%: clarity
@: grasped by roots, slowed, constricted, very slow
A: horns 3, retaliatory headbutt, clarity, clever 1, deterioration 1, frail 1,
mutation resistance 1, electricity resistance
a: Renounce Religion


You were on level 8 of the Dungeon.
You worshipped Xom.
You were Xom's teddy bear.
You visited 1 branch of the dungeon, and saw 8 of its levels.

You collected 495 gold pieces.
You spent 175 gold pieces at shops.

Inventory:

Hand Weapons
 a - a +0 war axe
 j - a +2 flail of draining (weapon)
 s - a +2 morningstar of flaming
Armour
 c - a +0 buckler (worn)
 o - a +1 scale mail of fire resistance
 p - a +0 cloak (worn)
 u - a +0 pair of gloves (worn)
 w - +0 steam dragon scales (worn)
Jewellery
 g - a ring of magical power (left hand)
 t - a ring of resist corrosion (right hand)
Wands
 q - a wand of flame (35)
Scrolls
 d - 2 scrolls of immolation {unknown}
 e - 5 scrolls of revelation
 h - 3 scrolls of teleportation {unknown}
 i - a scroll of poison
 k - a scroll of noise {unknown}
 l - a scroll of fear
 m - 7 scrolls of identify
 n - 2 scrolls of fog (quivered) {unknown}
 r - 4 scrolls of amnesia
 x - 2 scrolls of summoning
 y - a scroll of enchant armour {unknown}
Potions
 f - a potion of enlightenment {unknown}
 v - a potion of haste
 z - a potion of invisibility {unknown}
 A - a potion of resistance {unknown}


   Skills:
 - Level 8.8 Fighting
 - Level 2.4(9.8) Axes
 + Level 14.6(14.7) Maces & Flails
 - Level 3.6 Armour
 - Level 3.6 Shields


You had 8 spell levels left.
You didn't know any spells.
Your spell library contained the following spells:

 Spells                   Type           Power      Damage    Failure   Level
 Apportation              Tloc           0%         N/A       52%         1
 Jinxbite                 Hex            0%         N/A       67%         2
 Hailstorm                Conj/Ice       0%         3d3       88%         3
 Tukima's Dance           Hex            0%         N/A       88%         3
 Dimensional Bullseye     Hex/Tloc       0%         N/A       99%         4
 Iskenderun's Mystic Bla  Conj/Tloc      0%         2d3       99%         4
 Summon Ice Beast         Ice/Summ       0%         N/A       99%         4
 Alistair's Intoxication  Tmut/Pois      0%         N/A       100%        5
 Simulacrum               Ice/Necr       0%         N/A       100%        6


Dungeon Overview and Level Annotations

Branches:
Dungeon (8/15)             Temple (0/1) D:7
   Lair: D:8-11

Altars:
Ashenzari
Fedhas
Gozag
Sif Muna
Xom
Yredelemnul
Zin

Shops:
D:3 (   D:6 =

Annotations:
D:8 Erica


Innate Abilities, Weirdness & Mutations

You have a pair of large horns on your head.
You reflexively headbutt those who attack you in melee.
You possess an exceptional clarity of mind.
Your mind is acute. (Int +4, Str/Dex -1)
Your body sometimes deteriorates upon taking damage.
You are frail. (-10% HP)
You are somewhat resistant to further mutation.
You are resistant to electric shocks. (rElec)


Message History

Erica easily resists.
You are now Xom's teddy bear.
Erica casts a spell.
Erica flickers and vanishes!
Deactivating autopickup; reactivate with Ctrl-A.
You hear a zap.
The roots erupt in riotous growth!
The grasping roots grab you!
You are constricted! x2
Your body deteriorates!
You feel dopey.
You escape the roots grasp.
You completely miss something. Your headbutt misses something.
You hear a zap.
The roots erupt in riotous growth!
The grasping roots grab you!
You are constricted.
You sock something! Your headbutt misses something. Something hits you!
Something burns you.
You are constricted.
The grasping roots release their grip on you.
You bludgeon something!! You headbutt something. Something hits you.
Something burns you.
* * * LOW HITPOINT WARNING * * *
You closely miss something. Your headbutt misses something. Something hits you!
* * * LOW HITPOINT WARNING * * *
Something burns you.
* * * LOW HITPOINT WARNING * * *
You block something's attack.
You feel better. Something hits you.
* * * LOW HITPOINT WARNING * * *
Something burns you.
* * * LOW HITPOINT WARNING * * *
You feel better.
You hear a zap.
The roots erupt in riotous growth!
The grasping roots grab you!
You are constricted!
* * * LOW HITPOINT WARNING * * *
Something hits you!
You die... "It was about time."

.# .#........# .####
..........# ....#
#.........# ###.#
#........
#.######....... #.....#
#....## #######.# #..#
#.......# ##.#
#.############ #@###
#.######.....#
#...###...
#.........##.# #.....>.#
############.###.#######
#.....#### #.##.....#
####.###.# ..# # ####


There were no monsters in sight!

Vanquished Creatures
  Pikel (D:6)
  Sigmund (D:2)
  A wyvern (D:8)
  Eustachio (D:6)
  2 steam dragons (D:6)
  Menkaure (D:5)
  Edmund (D:5)
  A water moccasin (D:7)
  A black bear (D:7)
  A sky beast (D:8)
  3 ogres
  4 centaurs
  A phantom (D:4)
  A gnoll sergeant (D:5)
  3 bullfrogs
  2 scorpions (D:7)
  A howler monkey (D:7)
  2 jellies
  A gnoll bouda (D:6)
  2 orc priests
  Ijyb (D:5)
  A sleepcap (D:5)
  6 iguanas
  5 orc wizards
  20 gnolls
  2 adders
  A shadow imp (D:5)
  A worm (shapeshifter) (D:8)
  A worm (D:2)
  A dart slug (D:4)
  27 orcs
  7 endoplasms
  3 giant cockroaches (D:2)
  34 goblins
  30 hobgoblins
  3 kobolds
  5 quokkas
  7 ball pythons
  3 bats
  2 rats (D:1)
191 creatures vanquished.

Vanquished Creatures (collateral kills)
  A sky beast (D:7)
  A gnoll (D:3)
  A kobold (D:3)
3 creatures vanquished.

Grand Total: 194 creatures vanquished

Notes
Turn   | Place    | Note
-------+----------+-------------------------------------------
     0 | D:1      | mattiecakes the Minotaur Fighter began the quest for the
                  | Orb.
     0 | D:1      | Reached XP level 1. HP: 19/19 MP: 0/0
   359 | D:1      | Reached XP level 2. HP: 26/28 MP: 1/1
   754 | D:2      | Reached skill level 5 in Fighting
   754 | D:2      | Reached XP level 3. HP: 21/36 MP: 2/2
  1248 | D:2      | Found a glowing silver altar of Zin.
  1261 | D:2      | Noticed Sigmund
  1271 | D:2      | Killed Sigmund
  1272 | D:2      | Reached XP level 4. HP: 47/47 MP: 3/3
  1272 | D:2      | Reached XP level 5. HP: 52/52 MP: 4/4
  1655 | D:3      | Found a faded altar of an unknown god.
  1678 | D:3      | Prayed at the altar of an unknown god.
  1678 | D:3      | Became a worshipper of Xom of Chaos
  1678 | D:3      | XOM: divination: detect creatures
  1686 | D:3      | Found a broken altar of Ashenzari.
  1949 | D:3      | Reached XP level 6. HP: 42/61 MP: 5/5
  1996 | D:3      | XOM: silly message
  2208 | D:3      | XOM: cast spell 'Summon Ice Beast'
  2353 | D:3      | XOM: noise
  2502 | D:3      | Found a basalt altar of Yredelemnul.
  2707 | D:3      | Identified the +2 scale mail "Nagot" {rN++}
  2738 | D:3      | Found Ytsuqinn's Antique Weapon Boutique.
  2743 | D:3      | Bought a runed morningstar for 175 gold pieces
  3030 | D:4      | Found an opulent altar of Gozag.
  3030 | D:4      | Found a glowing silver altar of Zin.
  3108 | D:4      | Reached skill level 2 in Maces & Flails
  3169 | D:4      | Reached skill level 3 in Maces & Flails
  3216 | D:4      | Identified the +9 short sword of the Shimmering Gods
                  | {drain, rElec rN+}
  3292 | D:4      | Found a shimmering blue altar of Sif Muna.
  3383 | D:4      | XOM: give mutation
  3383 | D:4      | Gained mutation: You are agile. (Dex +4, Str/Int -1) [Xom's
                  | grace]
  3554 | D:4      | Reached XP level 7. HP: 58/69 MP: 6/6
  3864 | D:5      | Entered Level 5 of the Dungeon
  3911 | D:5      | Noticed Edmund
  3917 | D:5      | Killed Edmund
  3918 | D:5      | Reached skill level 4 in Maces & Flails
  3935 | D:5      | XOM is BORED!
  3935 | D:5      | XOM: give mutation
  3935 | D:5      | Gained mutation: Your muscles are strong. (Str +4, Int/Dex
                  | -1) [Xom's mischief]
  3980 | D:5      | XOM: give mutations
  3980 | D:5      | Gained mutation: Your body sometimes deteriorates upon
                  | taking damage. [Xom's mischief]
  3980 | D:5      | Gained mutation: You are frail. (-10% HP) [Xom's mischief]
  4003 | D:5      | Noticed Ijyb
  4013 | D:5      | Killed Ijyb
  4014 | D:5      | Reached skill level 5 in Maces & Flails
  4045 | D:5      | XOM: butterfly on damage
  4398 | D:5      | XOM: confusion
  4399 | D:5      | XOM: summons friendly white imp
  4412 | D:5      | Reached skill level 6 in Maces & Flails
  4625 | D:5      | Noticed Menkaure
  4633 | D:5      | Killed Menkaure
  4634 | D:5      | Reached skill level 7 in Maces & Flails
  4634 | D:5      | Reached XP level 8. HP: 27/69 MP: 7/7
  4822 | D:5      | XOM: cloud trail
  4849 | D:5      | XOM: 1-stop teleportation journey
  4937 | D:5      | XOM: 1-stop teleportation journey
  5084 | D:5      | Reached skill level 8 in Maces & Flails
  5095 | D:5      | HP: 3/69 [gnoll/+0 halberd[a gnoll sergeant] (11)]
  5371 | D:6      | XOM: chaos cloud
  5389 | D:6      | Reached skill level 9 in Maces & Flails
  5398 | D:6      | Noticed Pikel
  5409 | D:6      | Killed Pikel
  5410 | D:6      | Reached skill level 11 in Maces & Flails
  5723 | D:6      | Found Beom's Jewellery Shop.
  5884 | D:6      | Noticed Eustachio
  5886 | D:6      | XOM: cast spell 'Leda's Liquefaction'
  5889 | D:6      | XOM: enchant monster (good)
  5895 | D:6      | Killed Eustachio
  5896 | D:6      | Reached XP level 9. HP: 73/73 MP: 8/8
  6049 | D:6      | XOM: 6-stop teleportation journey
  6103 | D:6      | Reached skill level 12 in Maces & Flails
  6123 | D:6      | XOM: divination: detect creatures
  6745 | D:5      | XOM: give mutations
  6745 | D:5      | Gained mutation: Your mind is acute. (Int +4, Str/Dex -1)
                  | [Xom's grace]
  6745 | D:5      | Gained mutation: You are somewhat resistant to further
                  | mutation. [Xom's grace]
  6745 | D:5      | Gained mutation: Your muscles are very strong. (Str +8,
                  | Int/Dex -2) [Xom's grace]
  6745 | D:5      | Gained mutation: You possess an exceptional clarity of
                  | mind. [Xom's grace]
  6974 | D:7      | XOM: scenery: create altars
  6977 | D:7      | XOM: chaos upgrade
  6979 | D:7      | Reached skill level 13 in Maces & Flails
  7068 | D:7      | XOM: summons 9 friendly demons
  7211 | D:7      | Found a staircase to the Ecumenical Temple.
  7304 | D:7      | XOM: give mutations
  7304 | D:7      | Lost mutation: Your muscles are very strong. (Str +8,
                  | Int/Dex -2) [Xom's mischief]
  7304 | D:7      | Lost mutation: You are agile. (Dex +4, Str/Int -1) [Xom's
                  | mischief]
  7304 | D:7      | Lost mutation: Your muscles are strong. (Str +4, Int/Dex
                  | -1) [Xom's mischief]
  7304 | D:7      | Gained mutation: You have a pair of large horns on your
                  | head. [Xom's mischief]
  7389 | D:7      | XOM: give mutation
  7389 | D:7      | Gained mutation: You are resistant to electric shocks.
                  | (rElec) [Xom's mischief]
  7517 | D:8      | Reached skill level 14 in Maces & Flails
  7528 | D:8      | XOM: stat loss: -1 Int (8/9)
  7639 | D:8      | a bullfrog changed into a glowing shapeshifter
  7639 | D:8      | Noticed a glowing shapeshifter (glowing shapeshifter)
  7639 | D:8      | XOM: polymorph bullfrog -> glowing shapeshifter
  7639 | D:8      | a glowing shapeshifter changed into a mana viper
  7639 | D:8      | Noticed a mana viper (glowing shapeshifter)
  7640 | D:8      | a mana viper changed into a glass eye
  7644 | D:8      | a glass eye changed into a salamander
  7644 | D:8      | Noticed a salamander (glowing shapeshifter)
  7648 | D:8      | a salamander changed into a worm
  7652 | D:8      | Found a blossoming altar of Fedhas.
  7796 | D:8      | Noticed Erica
  7798 | D:8      | XOM: cast spell 'Cause Fear'
  7808 | D:8      | Slain by Erica

Illustrated notes

Levels and vault maps discovered:
D:1:      minmay_arrival_semitransparent, layout_basic
D:2:      wander_river, layout_basic, basic_altar, uniq_sigmund
D:3:      minmay_goblin_kobold_castle, layout_loops_cross,
          mainiacjoe_overflow_alcove_1, mainiacjoe_overflow_catwalk,
          serial_shops, nicolae_shop_back_alley_shop,
          ebering_ecumenical_altar_ruins
D:4:      minmay_inner_zag, layout_cave_pods,
          grunt_temple_overflow_gold_and_silver, mainiacjoe_overflow_alcove_2
D:5:      layout_loops_cross, uniq_menkaure, uniq_edmund, uniq_ijyb
D:6:      layout_layer_cave, serial_shops, shop, uniq_pikel, uniq_eustachio
D:7:      layout_rooms, minmay_temple_entry_purple_smoke, minmay_misc_feat_chi,
          uniq_crazy_yiuf_cottage
D:8:      layout_basic, fedhas_ov_isle_minmay, enter_bailey_1,
          serial_bayou_pond_e, uniq_erica, uniq_grum, uniq_jeremiah

Skill      XL: |  1  2  3  4  5  6  7  8  9 |
---------------+----------------------------+-----
Fighting       | 4 5 7 8 |  8.8
Maces & Flails | 3 7 11 14 | 14.6
Axes           | |  2.4
Armour         | |  3.6
Shields        | |  3.6

Action                     |  1- 3 |  4- 6 |  7- 9 || total
---------------------------+-------+-------+-------++-------
  Melee: War axe           |    68 |   100 |       ||   168
         Headbutt          |     9 |    18 |    38 ||    65
         Morningstar       |       |    35 |    15 ||    50
         Flail             |       |       |   233 ||   233
    Use: Scroll            |       |     1 |     5 ||     6
         Potion            |       |     1 |    17 ||    18
   Stab: Petrified         |       |       |     2 ||     2
 Armour: Scale mail        |    10 |       |    85 ||    95
         Chain mail        |    37 |   143 |    11 ||   191
         Skin              |       |       |     2 ||     2
         Steam dragon scal |       |       |    65 ||    65
  Dodge: Dodged            |    26 |    72 |   108 ||   206
  Block: Buckler           |    12 |    43 |    51 ||   106

Table legend: (Time is in decaauts)
 A = Elapsed time spent in this place.
 B = Non-inter-level travel time spent in this place.
 C = Inter-level travel time spent in this place.
 D = Time resting spent in this place.
 E = Time spent auto-exploring this place.
 F = Levels seen in this place.
 G = Mean time per level.
                   A        B        C        D        E       F      G
               +--------+--------+--------+--------+--------+-----+--------+
         Total |   7867 |   7615 |    252 |   1068 |   5307 |   8 |  983.4 |
       Dungeon |   7867 |   7615 |    252 |   1068 |   5307 |   8 |  983.4 |
               +--------+--------+--------+--------+--------+-----+--------+

Top non-repeatable levels by time:
     D:3: 1471 daAuts
     D:6: 1466 daAuts
     D:5: 1371 daAuts
     D:4: 1197 daAuts
     D:2: 887 daAuts
     D:1: 647 daAuts
     D:7: 531 daAuts
     D:8: 294 daAuts
